cohdb
Replays
Latest Replays
All Replays
Popular Replays
Top Player Replays
Match Explorer
How It Works
Community
CoH3 Stats
Reddit
Sign in to upload your games and track your stats! →
Sign in with Steam
Match 28897168
Unlisted
Match 28897168
Overview
Messages
Build Orders
End
Panzergrenadier Squad
Selects Armored Support Battlegroup
Panzergrenadier Squad
250 Light Carrier
Construct Light Support Kompanie
Combat Half-tracks
Selects Superior Fire Drills
Fire Support Elements
Veteran Squad Leaders
Panzerjäger Mechanized Group
Vehicle Survival Package
Selects Vehicle Awareness
Construct Panzerarmee Kommand
Emergency Repair Kits
Rapid Advance
Armored Reserves
Selects Panzer Storm
Panzer III Assault Group
Tungsten Core Ammunition
Panzer III L Medium Tank
Panzer III L Medium Tank
Selects Stuka Dive Bomb
Stuka Dive Bomb
Advanced Optics
Panzer III L Medium Tank
Panzer Storm
Advanced Field Repairs
Panzer III L Medium Tank
Stuka Dive Bomb
Selects Flammpanzer III Medium Tank Sd.Kfz. 141
Selects Battlefield Salvage
Panzer III L Medium Tank
Panzer III L Medium Tank
Panzer III L Medium Tank
Battlefield Salvage
Panzer Storm
Panzer III L Medium Tank
[PBS] Sigizmund
NEP_wilson_NEP
WilllTHENOOBz
ParadoxJunkie
Turtleboy
Dahlian
Random_Target
Pap
0
0
Comments
sign in to comment!
No comments posted yet!